 Dungeon Crawl Stone Soup version 0.31.0-12-g77e489cdc1 (webtiles) character file.

Game seed: 5456574369019253948

208 spaghetti the Sneak (level 5, 0/29 HPs)
             Began as a Vine Stalker Chaos Knight on Feb 15, 2024.
             Was a Plaything of Xom.
             Incinerated by a bombardier beetle (6 damage)
             ... with a burning spray
             ... on level 3 of the Dungeon.
             The game lasted 00:03:46 (1656 turns).

spaghetti the Sneak (Vine Stalker Chaos Knight)     Turns: 1656, Time: 00:03:47

Health: 0/29       AC:  8    Str: 15    XL:     5   Next: 86%
Magic:  0/7        EV: 11    Int: 12    God:    Xom [.*....]
Gold:   52         SH:  0    Dex: 15    Spells: 5/6 levels left

rFire   . . .        a - +0 short sword (chaos)
rCold   . . .        (no shield)
rNeg    . . .        b - +2 leather armour
rPois   .            g - +2 helmet
rElec   .            (no cloak)
rCorr   .            (no gloves)
SInv    .            (no boots)
Will    .....        (no amulet)
Stlth   +            (no ring)
HPRegen 1.04/turn    (no ring)
MPRegen 0.10/turn

%: guardian spirit
@: on fire, glowing
A: fangs 2, regeneration 1, magic shield, antimagic bite, no potion heal 2
a: Renounce Religion


You were on level 3 of the Dungeon.
You worshipped Xom.
You were a plaything of Xom.
You visited 1 branch of the dungeon, and saw 3 of its levels.

You collected 52 gold pieces.

Inventory:

Hand Weapons
 a - a +0 short sword of chaos (weapon)
Armour
 b - a +2 leather armour (worn)
 g - a +2 helmet (worn)
Scrolls
 f - 2 scrolls of vulnerability


   Skills:
 + Level 4.0 Fighting
 - Level 2.6 Short Blades
 - Level 1.5 Armour
 - Level 0.7 Dodging
 * Level 4.7 Stealth
 + Level 1.2 Spellcasting
 + Level 1.4 Summonings


You had 5 spell levels left.
You knew the following spells:

 Your Spells              Type           Power      Damage    Failure   Level
a - Summon Small Mammal   Summ           16%        N/A       21%         1

Your spell library contained the following spells:

 Spells                   Type           Power      Damage    Failure   Level
 Shock                    Conj/Air       0%         1d3       36%         1
 Call Canine Familiar     Summ           4%         N/A       52%         3
 Swiftness                Air            0%         N/A       73%         3
 Summon Blazeheart Golem  Fire/Summ      2%         N/A       95%         4
 Airstrike                Air            0%         2d(0-16)  98%         4


Dungeon Overview and Level Annotations

Branches:
Dungeon (3/15)

Altars:

Shops:
D:1 *

Annotations:
D:3 Terence


Innate Abilities, Weirdness & Mutations

You have extremely sharp teeth.
Your natural rate of healing is unusually fast.
When hurt, damage is shared between your health and your magic reserves.
Your bite disrupts and absorbs the magic of your enemies.
Potions cannot restore your health.


Message History

You are too injured to fight recklessly!
You are too injured to fight recklessly!
You are too injured to fight recklessly!
You are too injured to fight recklessly!
You are too injured to fight recklessly!
You are too injured to fight recklessly!
Casting: Summon Small Mammal (safe; 21% risk of failure)
Confirm with . or Enter, or press ? or * to list all spells.
The liquid fire burns you!
Terence screams, "I'm going to kill you!"
The bombardier beetle sprays incendiary fluid at you.
The burning spray hits you.
You are even more covered in liquid fire!
Unknown command.
You shake off some of the fire as you move.
The liquid fire burns you!
Your bat hits the bombardier beetle.
You shake off some of the fire as you move.
The liquid fire burns you!
Your bat barely misses the bombardier beetle.
The bombardier beetle bites your bat.
Your bat hits the bombardier beetle but does no damage.
You shake off some of the fire as you move.
The liquid fire burns you!
Your bat closely misses the bombardier beetle.
Your bat closely misses Terence.
Casting: Summon Small Mammal (safe; 21% risk of failure)
Confirm with . or Enter, or press ? or * to list all spells.
The liquid fire burns you!
* * * LOW HITPOINT WARNING * * *
Your bat hits the bombardier beetle but does no damage.
Terence hits you but does no damage. The bombardier beetle misses your bat.
You shake off some of the fire as you move.
The liquid fire burns you!
* * * LOW HITPOINT WARNING * * *
Unknown command.
You shake off some of the fire as you move.
The liquid fire burns you!
You die...
Xom howls with laughter!

#......# ###### .......#
#####...... .......#
##.$...#?..> .......#
##..#........ .......#
#..##..#...... .....[.#
#####.###..# ...... .......#
##.....##...##.#....
.###########..###.@rbB.#...#...
.# #.....#..@.###.b#...... #.
.#######.###...#### #......#
... .##........).###
#....#####... ....####..####
###.......... .#####...##
#....#...# .# #.### #........#
.#####.# #....#.#.# (...##.#
##.......#. .##....##
####.......#.


You could see Terence (ally target), a bombardier beetle (ally target), a
friendly bat (summoned) and a friendly rat (summoned).

Vanquished Creatures
  An orc priest (D:3)
  Natasha (twice) (D:3)
  Robin (D:3)
  An adder (D:2)
  2 ribbon worms (D:2)
  2 dart slugs
  7 orcs (D:3)
  2 bats
  5 endoplasms
  2 giant cockroaches
  14 goblins
  4 hobgoblins
  13 jackals
  3 quokkas
  11 ball pythons
  3 frilled lizards
  5 kobolds
  9 rats
87 creatures vanquished.

Vanquished Creatures (collateral kills)
  A goblin (D:3)
  A hobgoblin (D:3)
2 creatures vanquished.

Grand Total: 89 creatures vanquished

Notes
Turn   | Place    | Note
-------+----------+-------------------------------------------
     0 | D:1      | spaghetti the Vine Stalker Chaos Knight began the quest for
                  | the Orb.
     0 | D:1      | Reached XP level 1. HP: 11/11 MP: 2/2
    33 | D:1      | XOM: potion effect (might)
    35 | D:1      | Reached skill level 1 in Stealth
    86 | D:1      | Reached XP level 2. HP: 16/16 MP: 3/3
    88 | D:1      | XOM: divination: detect items
   105 | D:1      | XOM: silly message
   184 | D:1      | XOM: cast spell 'Leda's Liquefaction'
   284 | D:1      | XOM: silly message
   291 | D:1      | Reached XP level 3. HP: 7/20 MP: 1/4
   612 | D:1      | Found Benwiv's General Store.
   799 | D:2      | XOM: noise
   868 | D:2      | Reached XP level 4. HP: 14/25 MP: 5/5
   901 | D:2      | Identified the +1 arbalest "Bythig" {antimagic, rElec}
   967 | D:2      | Learned a level 1 spell: Summon Small Mammal
  1112 | D:2      | XOM: cloud trail
  1238 | D:3      | Noticed Natasha
  1240 | D:3      | XOM: silly message
  1245 | D:3      | Killed Natasha
  1293 | D:3      | Reached XP level 5. HP: 29/29 MP: 6/6
  1331 | D:3      | Noticed Robin
  1344 | D:3      | Noticed Natasha
  1354 | D:3      | Reached skill level 1 in Summonings
  1362 | D:3      | Killed Robin
  1363 | D:3      | Reached skill level 1 in Spellcasting
  1371 | D:3      | XOM: potion effect (invisibility)
  1401 | D:3      | Killed Natasha
  1642 | D:3      | Noticed Terence
  1656 | D:3      | Incinerated by a bombardier beetle

Illustrated notes

Levels and vault maps discovered:
D:1:      heliophobic_arrival_dark_side_of_the_moon, layout_basic, serial_shops,
          shop
D:2:      layout_rooms
D:3:      layout_rooms, nicolae_ecumenical_snake_handling, minmay_crystal_water,
          hangedman_decor_lopped, grunt_decor_arrowhead, uniq_grinder,
          uniq_terence, uniq_robin, uniq_natasha

Skill      XL: |  1  2  3  4  5 |
---------------+----------------+-----
Stealth        | 1 2 3 4 |  4.7
Fighting       | 3 4 |  4.0
Summonings     | 1 |  1.4
Spellcasting   | 1 |  1.2
Short Blades   | |  2.6
Armour         | |  1.5
Dodging        | |  0.7

Action                     |  1- 3 |  4- 6 || total
---------------------------+-------+-------++-------
  Melee: Short sword       |   135 |   147 ||   282
         Bite              |    28 |    38 ||    66
         Punch             |     1 |     1 ||     2
   Cast: Summon Small Mamm |       |     6 ||     6
    Use: Potion            |     1 |     3 ||     4
         Scroll            |       |     3 ||     3
   Stab: Sleeping          |     1 |     2 ||     3
         Invisible         |       |     4 ||     4
 Armour: Leather armour    |    83 |   124 ||   207
  Dodge: Dodged            |    90 |    73 ||   163
